 Dungeon Sprint DCSS version 0.27.1-33-g824d729ab1 (webtiles) character file.

Game seed: 5596796368980175079

112 Hipnos the Insei (level 4, -4/39 HPs)
             Began as a Merfolk Transmuter on Nov 27, 2021.
             Slain by Sigmund (7 damage)
             ... in the Dungeon (Sprint I: "Red Sonja").
             The game lasted 00:01:18 (438 turns).

Hipnos the Insei (Merfolk Transmuter)                Turns: 438, Time: 00:01:18

Health: -4/39      AC:  6    Str: 11    XL:     4   Next: 95%
Magic:  5/9        EV: 11    Int: 12    God:
Gold:   54         SH:  0    Dex: 14    Spells: 0/10 levels left

rFire    x . .     SeeInvis .     - Unarmed
rCold    + + +     Faith    .   (shield currently unavailable)
rNeg     . . .     Spirit   .   (armour currently unavailable)
rPois    +         Reflect  .   (helmet currently unavailable)
rElec    .         Harm     .   (cloak currently unavailable)
rCorr    .         Rampage  .   (gloves currently unavailable)
Will     .....     NoTele   +   (boots currently unavailable)
Stlth    +.........             (no amulet)
HPRegen  0.13/turn              (no ring)
MPRegen  0.11/turn              (no ring)

@: ice-form, very slightly contaminated, hasted, very quick
A: freezing attack, boosted hp, large, (nimble swimmer 2), (mertail)
a: End Transformation


You were in the Dungeon.
You were a creature of crystalline ice.
You visited 1 branch You collected 54 gold pieces.

Inventory:

Armour
 a - a +0 robe (melded)
Wands
 f - a wand of flame (12)
Scrolls
 g - a scroll of blinking
Potions
 c - a potion of heal wounds
 e - a potion of magic
 h - a potion of mutation {unknown}


   Skills:
 + Level 1.8 Fighting
 + Level 5.1 Dodging
 + Level 7.5 Unarmed Combat
 + Level 3.8 Spellcasting
 * Level 6.2 Transmutations
 + Level 0.7 Poison Magic


You couldn't memorise any spells.
You knew the following spells:

 Your Spells              Type           Power      Damage    Failure   Level
a - Beastly Appendage     Tmut           34%        N/A       1%          1
b - Spider Form           Tmut/Pois      5%         N/A       16%         3
c - Wereblood             Tmut           17%        N/A       2%          2
d - Ice Form              Ice/Tmut       9%         N/A       52%         4

Your spell library contained the following spells:

 Spells                   Type           Power      Damage    Failure   Level


Dungeon Overview and Level Annotations

Branches:
Dungeon (1/1)

Altars:

Annotations:
D Sigmund


Innate Abilities, Weirdness & Mutations

You are a creature of crystalline ice.
You have a powerful freezing melee attack.
Your maximum health is increased.
Your armour is entirely melded.
You are incapable of wielding weapons or throwing items.
((You are quick and stealthy near water. (Stealth+, EV+, Speed+++)))
((Your lower body shifts to a powerful aquatic tail in water.))


Message History

You are poisoned.
Casting: Ice Form (potentially lethal; 52% risk of failure)
Confirm with . or Enter, or press ? or * to list all spells.
You don't know that spell.
Drop what? 8/52 slots (_ for help) (? for menu, Esc to quit)
Okay, then.
Casting: Ice Form (potentially lethal; 52% risk of failure)
Confirm with . or Enter, or press ? or * to list all spells.
The spell is potentially lethal to cast (52% risk of failure)!
Continue anyway?
You miscast Ice Form.
Nothing appears to happen.
You feel sick. Magic courses through your body.
You feel sick.
Sigmund hits you from afar with a +1 scythe of venom!
You are lethally poisoned!
Casting: Ice Form (potentially lethal; 52% risk of failure)
Confirm with . or Enter, or press ? or * to list all spells.
The spell is potentially lethal to cast (52% risk of failure)!
Continue anyway?
You turn into a creature of crystalline ice.
Your +0 robe melds into your body.
You feel very sick.
Sigmund hits you from afar with a +1 scythe of venom!
* * * LOW HITPOINT WARNING * * *
You feel yourself speed up.
* * * LOW HITPOINT WARNING * * *
You feel very sick.
You feel better.
Sigmund gestures wildly while chanting.
Sigmund flickers and vanishes!
Deactivating autopickup; reactivate with Ctrl-A.
There is an open door here.
You barely miss something.
You hear some strange, mumbled words.
A puff of flame appears from out of thin air!
The puff of flame hits you. The fire burns you terribly!
* * * LOW HITPOINT WARNING * * *
You closely miss something. You hit something but do no damage.
Something hits you.
* * * LOW HITPOINT WARNING * * *
You closely miss something. You hit something but do no damage.
Something hits you!
You die...

#############
#<.#.)'..#..+
#..'..#..Y{.#
#..#####'####
#).# #..#
#..# ####
#..# #⌠⌠#
####


There were no monsters in sight!

Vanquished Creatures
  An ogre (D)
  Ijyb (D)
2 creatures vanquished.

Notes
Turn   | Place    | Note
-------+----------+-------------------------------------------
     0 | D        | Hipnos the Merfolk Transmuter began the quest for the Orb.
     0 | D        | Reached XP level 1. HP: 15/15 MP: 3/3
     2 | D        | Noticed Ijyb
    14 | D        | Killed Ijyb
    15 | D        | Reached skill level 5 in Unarmed Combat
    15 | D        | Reached XP level 2. HP: 5/21 MP: 2/5
    15 | D        | Reached XP level 3. HP: 7/26 MP: 2/7
   371 | D        | Learned a level 3 spell: Spider Form
   374 | D        | Learned a level 2 spell: Wereblood
   375 | D        | Noticed an ogre
   388 | D        | Killed an ogre
   389 | D        | Reached skill level 5 in Dodging
   389 | D        | Reached skill level 7 in Unarmed Combat
   389 | D        | Reached XP level 4. HP: 33/33 MP: 5/9
   426 | D        | Learned a level 4 spell: Ice Form
   426 | D        | Noticed Sigmund
   431 | D        | HP: 1/39 [poisoned by Sigmund]
   438 | D        | Slain by Sigmund

Illustrated notes

Levels and vault maps discovered:
D:        dungeon_sprint_1 [red_sonja_temple_1, red_sonja_temple_small_1]

Skill      XL: |  1  2  3 |
---------------+----------+-----
Dodging        | 3 5 |  5.1
Unarmed Combat | 5 7 |  7.5
Transmutations | 4 6 |  6.2
Spellcasting   | 3 |  3.8
Fighting       | |  1.8
Poison Magic   | |  0.7

Action                   |  1- 3 |  4- 6 || total
-------------------------+-------+-------++-------
Melee: Unarmed           |    11 |     5 ||    16
 Cast: Beastly Appendage |     1 |       ||     1
       Spider Form       |     1 |       ||     1
       Ice Form          |       |     1 ||     1
  Use: Potion            |     1 |     3 ||     4
Dodge: Dodged            |     5 |       ||     5
